AoeStats
← ska_18

Nomad

504043217Analyzed
3v3 RM · 29d ago on Sep 3, 2026· 36m 37s· 6 players
Game mode
Random Map
Map size
210×210
Population
200
Speed
Normal
Resources
Standard
Victory
Conquest
Starting age
Dark Age
Ending age
Imperial Age
RankedLock teamsTeams togetherTeam positionsShared explorationLock speedFull tech treeHidden civsTurbo modeCheats
Victory
Defeat
🇪🇸 Koreans · Spain
1078
+13
🇦🇹 Saracens · Austria
1077
+13
🇪🇨 Georgians · Ecuador
1052
+15
🇪🇸 Magyars · Spain
1049
-14
🇪🇸 Japanese · Spain
1019
-14
🇩🇪 Romans · Germany
997
-13
IlDuc3
5:17 Loom
15:14 Feudal Age
19:24 Castle Age
17:07 Fishing Lines
17:10 Horse Collar
27:45 Fletching
30:21 Husbandry
DanNukes
5:09 Loom
13:46 Feudal Age
15:07 Wheelbarrow
14:21 Town Watch
15:15 Fishing Lines
15:48 Horse Collar
21:05 Castle Age
18:54 Man-at-Arms
19:51 Double-Bit Axe
20:53 Forging
21:50 Scale Mail Armor
21:19 Long Swordsman
23:04 Squires
24:23 Heavy Plow
24:39 Bow Saw
25:53 Iron Casting
25:46 Stone Mining
26:32 Pikeman
29:31 Chain Mail Armor
31:19 Hand Cart
Rey Lustre
6:02 Loom
15:45 Feudal Age
23:50 Castle Age
22:30 Stone Mining
35:58 Murder Holes
C0S1N
4:44 Loom
14:55 Feudal Age
16:42 Fishing Lines
19:37 Castle Age
17:42 Fletching
18:13 Stone Mining
18:22 Town Watch
18:52 Double-Bit Axe
21:49 Gillnets
23:10 Bodkin Arrow
24:58 Bow Saw
25:53 Wheelbarrow
28:11 Gold Mining
28:58 Eupseong
32:09 Hand Cart
35:48 Imperial Age
37:54 Chemistry
37:02 Siege Engineers
ska_18
3:07 Loom
14:24 Feudal Age
20:30 Castle Age
18:45 Fishing Lines
20:13 Double-Bit Axe
20:11 Horse Collar
20:35 Fletching
24:31 Bow Saw
31:17 Imperial Age
30:26 Forging
30:21 Scale Barding Armor
30:51 Gold Mining
30:57 Stone Mining
31:32 Town Watch
33:43 Wheelbarrow
37:00 Conscription
37:30 Iron Casting
37:09 Heavy Plow
SIR LOOR FAAL
13:26 Feudal Age
18:00 Castle Age
25:01 Forging
24:56 Scale Barding Armor
26:51 Iron Casting
30:45 Scale Barding Armor
38:41 Imperial Age
Connection lost

Rejoining the realm…

Still unreachable

The connection could not be restored.

Session expired

The server has moved on; the page needs a fresh start.